 Dungeon Crawl Stone Soup version 0.27-a0-1591-gc56fcc985a (webtiles) character file.

Game seed: 11853752560429897978

44 Brozuf the Skirmisher (level 3, -1/30 HPs)
             Began as a Demonspawn Monk on July 19, 2021.
             Slain by Sigmund (5 damage)
             ... on level 2 of the Dungeon.
             The game lasted 00:02:56 (1373 turns).

Brozuf the Skirmisher (Demonspawn Monk)             Turns: 1373, Time: 00:02:57

Health: -1/30      AC:  5    Str: 12    XL:     3   Next: 41%
Magic:  3/3        EV: 11    Int: 13    God:
Gold:   14         SH:  0    Dex: 15    Spells: 2/2 levels left

rFire    . . .     SeeInvis .   a - +0 hand axe
rCold    . . .     Faith    .   (no shield)
rNeg     . . .     Spirit   .   g - +0 ring mail
rPois    .         Reflect  .   (no helmet)
rElec    .         Harm     .   (no cloak)
rCorr    .         Rampage  .   (no gloves)
Will     .....                  (no boots)
Stlth    +.........             e - amulet of regeneration
HPRegen  1.10/turn              (no ring)
MPRegen  0.08/turn              (no ring)

@: no status effects
A: big brain 1
a: no special abilities


You were on level 2 of the Dungeon.
You visited 1 branch of the dungeon, and saw 2 of its levels.

You collected 14 gold pieces.

Inventory:

Hand Weapons
 a - a +0 hand axe (weapon)
Missiles
 i - 8 atropa-tipped darts (quivered)
Armour
 g - a +0 ring mail (worn)
   (You found it on level 1 of the Dungeon)
Jewellery
 e - an amulet of regeneration (around neck)
   (You found it on level 1 of the Dungeon)
 k - a ring of ice
   (You found it on level 2 of the Dungeon)
Scrolls
 b - a scroll of vulnerability {unknown}
 j - a scroll of noise {unknown}
Potions
 c - 2 potions of curing {unknown}
 d - a potion of might {unknown}
 f - a potion of degeneration {unknown}
 h - a potion of mutation {unknown}


   Skills:
 * Level 3.8 Fighting
 - Level 2.6 Axes
 + Level 1.2 Armour
 + Level 3.0 Dodging
 - Level 1.7 Stealth


You had 2 spell levels left.
You didn't know any spells.
Your spell library contained the following spells:

 Spells                   Type           Power      Damage    Failure   Level
 Ensorcelled Hibernation  Hex/Ice        0%         N/A       71%         2
 Spider Form              Tmut/Pois      0%         N/A       91%         3
 Shadow Creatures         Summ           N/A        N/A       100%        6


Dungeon Overview and Level Annotations

Branches:
Dungeon (2/15)

Altars:

Annotations:
D:2 Sigmund


Innate Abilities, Weirdness & Mutations

You have an unusually large brain. (Int +2)


Message History

No target in view!
You see here a +0 short sword.
You open the door.
There is an open door here.
You open the door.
There is an open door here.
Sigmund the Dreaded comes into view.
He is wielding a +0 scythe.
Sigmund is nearby!
Sigmund shouts!
Sigmund closely misses you. Sigmund closely misses you.
You hit Sigmund. Sigmund closely misses you.
You closely miss Sigmund. Sigmund hits you but does no damage.
You hit Sigmund. Sigmund barely misses you.
You hit Sigmund but do no damage. Sigmund barely misses you.
Sigmund closely misses you.
You hit Sigmund but do no damage. Sigmund closely misses you.
You hit Sigmund. Sigmund hits you but does no damage.
You closely miss Sigmund. Sigmund gestures at you while chanting.
The magic dart hits you!
You closely miss Sigmund. Sigmund barely misses you.
You hit Sigmund. Sigmund closely misses you.
You hit Sigmund. Sigmund closely misses you. Sigmund hits you with a +0 scythe.
You hit Sigmund. Sigmund hits you but does no damage.
You hit Sigmund. Sigmund closely misses you.
You slash Sigmund! Sigmund hits you with a +0 scythe!
* * * LOW HITPOINT WARNING * * *
Unknown command.
Unknown command.
You hit Sigmund but do no damage. Sigmund casts a spell at you.
The puff of flame hits you.
* * * LOW HITPOINT WARNING * * *
Unknown command.
You hit Sigmund but do no damage.
Sigmund casts a spell.
Sigmund flickers and vanishes!
Deactivating autopickup; reactivate with Ctrl-A.
You hear some strange, mumbled words.
Something tries to affect you, but you resist.
You hit something. Something hits you but does no damage.
You barely miss something. Something hits you!
* * * LOW HITPOINT WARNING * * *
Unknown command.
You closely miss something. Something hits you.
You die...

#. #. #. #. #. ##+# #.
##...## #{#####
##.....## #.@...#
##.......## ##.##.#
#.........####...#.###
+.........'............
#.........####.........
#.......## ##.##.###.
##.....## #.# .#
##...## #.# # ####'##
#..


There were no monsters in sight!

Vanquished Creatures
  A dart slug (D:1)
  A bat (D:1)
  6 endoplasms
  4 giant cockroaches (D:1)
  A goblin (D:1)
  3 hobgoblins
  5 jackals (D:1)
  4 kobolds
  2 quokkas
  4 ball pythons (D:1)
  A frilled lizard (D:1)
  2 rats
34 creatures vanquished.

Vanquished Creatures (others)
  A fungus (D:1)
1 creature vanquished.

Grand Total: 35 creatures vanquished

Notes
Turn   | Place    | Note
-------+----------+-------------------------------------------
     0 | D:1      | Brozuf the Demonspawn Monk began the quest for the Orb.
     0 | D:1      | Reached XP level 1. HP: 18/18 MP: 1/1
   327 | D:1      | Found a faded altar of an unknown god.
   338 | D:1      | Gained mutation: You have an unusually large brain. (Int
                  | +2) [demonic ancestry]
   338 | D:1      | Reached XP level 2. HP: 16/24 MP: 2/2
   722 | D:1      | Reached skill level 1 in Armour
   751 | D:1      | Reached XP level 3. HP: 30/30 MP: 3/3
  1352 | D:2      | Noticed Sigmund
  1373 | D:2      | Slain by Sigmund

Illustrated notes

Levels and vault maps discovered:
D:1:      beargit_arrival_diablo_church, layout_basic,
          shapermc_ecumenical_altar_acropolis, chequers_serial_rivers_room_b,
          minmay_pentomino_u4
D:2:      layout_loops_corners, uniq_sigmund

Skill      XL: |  1  2 |
---------------+-------+-----
Armour         | 1 |  1.2
Dodging        | 3 |  3.0
Fighting       | |  3.8
Axes           | |  2.6
Stealth        | |  1.7

Action                   || total
-------------------------++-------
Melee: Hand axe          ||   139
 Stab: Sleeping          ||     1
Armor: Robe              ||    16
       Ring mail         ||    20
Dodge: Dodged            ||    87

Table legend: (Time is in decaauts)
 A = Elapsed time spent in this place.
 B = Non-inter-level travel time spent in this place.
 C = Inter-level travel time spent in this place.
 D = Time resting spent in this place.
 E = Time spent auto-exploring this place.
 F = Levels seen in this place.
 G = Mean time per level.
                   A        B        C        D        E       F      G
               +--------+--------+--------+--------+--------+-----+--------+
         Total |   1397 |   1378 |     19 |    268 |    741 |   2 |  698.5 |
       Dungeon |   1397 |   1378 |     19 |    268 |    741 |   2 |  698.5 |
               +--------+--------+--------+--------+--------+-----+--------+

Top non-repeatable levels by time:
     D:1: 1160 daAuts
     D:2: 237 daAuts
